Map: Winter Madness LE

Players

HeroMarine

  • Race: Terran Terran
  • Spawn Location: 5:00

Elazer - Winner!

  • Race: Zerg Zerg
  • League: Master
  • Spawn Location: 11:00

VOD

Have the link to the VOD?

Description

Time

  • Played on: Jan. 31, 2026, 7:38 a.m.
  • Length: 10:34
Show
View Real Time Build Order
Export as new Build Order

HeroMarine Terran 

Build Orders: Command Center First 

Get SALT Encoding   

  12  0:00  SCV  
  13  0:12  SCV  
  14  0:16  Supply Depot  
  14  0:24  SCV  
  15  0:38  SCV  
  16  0:50  SCV  
  17  0:58  Command Center  
  17  1:02  SCV  
  18  1:11  Barracks  
  18  1:15  SCV  
  19  1:27  SCV  
  20  1:39  SCV  
  21  1:47  Command Center  
  21  1:51  SCV  
  22  1:58  Marine  
  23  2:03  Orbital Command  
  23  2:11  Orbital Command  
  23  2:16  Marine  
  24  2:28  Barracks, SCV  
  25  2:34  Marine  
  27  2:37  SCV  
  27  2:41  SCV  
  27  2:43  Barracks  
  27  2:44  Refinery  
  28  2:45  Refinery  
  28  2:49  SCV  
  29  2:52  Marine  
  29  2:53  SCV  
  31  2:58  Orbital Command  
  31  3:01  SCV  
  31  3:03  Refinery  
  31  3:05  SCV  
  33  3:10  Marine  
  34  3:13  SCV  
  34  3:15  Barracks Tech Lab  
  34  3:17  SCV  
  36  3:20  Engineering Bay  
  36  3:25  SCV x2  
  38  3:27  Marine  
  38  3:29  SCV  
  38  3:31  Marine  
  41  3:35  Stimpack  
  41  3:37  Marine, SCV  
  41  3:38  SCV  
  44  3:41  SCV  
  44  3:45  Supply Depot  
  45  3:48  Terran Infantry Weapons Level 1  
  45  3:49  SCV  
  45  3:50  SCV, Marine  
  45  3:51  Marine  
  45  3:53  SCV  
  45  3:54  Marine  
  51  3:58  Factory  
  51  4:04  Barracks  
  51  4:06  Barracks  
  51  4:09  Barracks Reactor x2  
  51  4:11  SCV  
  51  4:12  SCV  
  51  4:13  SCV  
  51  4:17  Supply Depot, Marine  
  54  4:23  SCV  
  56  4:25  SCV x2  
  56  4:29  Supply Depot  
  58  4:35  Marine  
  62  4:42  Refinery, Supply Depot  
  62  4:43  Factory Reactor  
  62  4:44  Starport  
  62  4:47  Marine x4  
  62  4:48  SCV  
  62  4:49  SCV x2  
  66  4:53  Barracks Reactor x2  
  66  4:59  Barracks Tech Lab  
  68  5:00  Marauder, Orbital Command  
  68  5:01  SCV, Barracks Tech Lab  
  68  5:03  SCV  
  68  5:05  Marine x4  
  74  5:09  Supply Depot x2  
  74  5:13  SCV  
  75  5:15  SCV  
  75  5:18  Combat Shield, Concussive Shells  
  75  5:19  Marauder x2  
  75  5:21  Marine  
  81  5:23  Marine  
  81  5:25  SCV  
  81  5:26  SCV  
  81  5:27  SCV  
  89  5:37  SCV  
  89  5:38  SCV  
  89  5:39  Marauder, SCV  
  94  5:47  Barracks Reactor  
  94  5:49  SCV, Supply Depot  
  95  5:50  SCV  
  95  5:51  Supply Depot, SCV  
  95  5:53  Supply Depot, Terran Infantry Armor Level 1, Medivac x2  
  95  5:54  Marauder, Marine x2  
  101  6:00  Barracks  
  101  6:02  Barracks  
  101  6:03  Barracks  
  101  6:09  Supply Depot  
  101  6:10  Marine x2  
  101  6:11  Siege Tank  
  106  6:14  Marine  
  106  6:15  Marine x2  
  109  6:23  Supply Depot, Medivac x2, Marine x2  
  109  6:24  Marine  
  116  6:25  SCV  
  116  6:27  Supply Depot  
  116  6:28  Marine x2  
  116  6:31  Marine  
  116  6:32  Marine  
  120  6:33  Marine  
  121  6:41  Marine x3  
  121  6:43  Siege Tank  
  121  6:46  Marine x2  
  129  6:49  Marine  
  129  6:50  Marine x2  
  129  6:54  Medivac x2, Marine x2  
  123  6:56  Marine  
  123  6:59  Marine x3  
  123  7:04  Marine x2, Supply Depot  
  123  7:05  Supply Depot  
  123  7:07  Supply Depot, Marine  
  123  7:08  Marine  
  126  7:12  Marine x2  
  126  7:14  Marine  
  131  7:17  Marine x2  
  131  7:19  Marauder x2, Siege Tank  
  131  7:21  Marine x2  
  141  7:24  Medivac x2  
  141  7:25  Marine  
  141  7:26  Marine  
  141  7:28  Supply Depot  
  147  7:30  Marine x2  
  147  7:32  Marine  
  147  7:35  Marine x2  
  151  7:39  Marine x2  
  151  7:40  Marine x2  
  151  7:43  Marine  
  151  7:44  Marine  
  128  7:46  SCV x2  
  128  7:47  SCV, Marine  
  128  7:48  Marine  
  128  7:49  Marine  
  135  7:52  Marine  
  135  7:53  Marine  
  135  7:54  Medivac x2  
  135  7:57  Marine x3  
  135  7:58  Marine  
  129  8:00  Marine  
  129  8:01  Marine  
  123  8:05  Marine x2  
  123  8:07  Marine  
  123  8:09  Armory  
  123  8:10  Marine x2  
  123  8:11  Siege Tank  
  131  8:15  Marine x2  
  131  8:18  Marine  
  131  8:19  Marine  
  137  8:23  Marine x2  
  137  8:24  Marauder x2  
  137  8:25  Marine  
  142  8:28  Marine x2  
  142  8:33  Marine x2  
  146  8:36  Marine  
  146  8:37  Marine  
  146  8:40  Medivac x2  
  146  8:41  Marine x2  
  147  8:43  Siege Tank, Marine  
  147  8:45  Marine, Marauder  
  147  8:46  Marine x2  
  158  8:50  Supply Depot  
  158  8:51  Marine x2  
  158  8:54  Sensor Tower, Marine  
  158  8:55  Marine  
  162  8:59  Marine x2  
  162  9:01  Marine  
  165  9:03  Marauder  
  165  9:04  Marine x2  
  165  9:06  Marine  
  165  9:08  Marine x2  
  146  9:12  Marine  
  146  9:13  Marine  
  146  9:15  Siege Tank  
  146  9:17  Marine x2  
  145  9:18  Marine  
  145  9:21  Marine  
  145  9:22  Marine  
  145  9:24  Marine x2  
  150  9:26  Marine x2  
  150  9:29  Marine  
  150  9:30  Marine  
  136  9:34  Marine  
  136  9:35  Marine  
  136  9:36  Marine  
  127  9:39  Marine x2  
  127  9:42  Marine, Marauder  
  127  9:44  Marine x2  
  111  9:47  Marine, Medivac  
  111  9:48  Medivac, Marine  
  111  9:52  Marine x2  
  115  9:54  Marine  
  118  10:00  Marauder  
  118  10:01  Marine  
  118  10:03  Marine, Marauder  
  118  10:04  Marine  
  120  10:10  Barracks Tech Lab  
  120  10:11  Barracks Tech Lab  
  112  10:14  Marine  
Show
View Real Time Build Order
Export as new Build Order

Elazer Zerg - Winner!

Build Orders: Hatch First 

Get SALT Encoding   

  12  0:00  Drone  
  13  0:08  Drone  
  14  0:14  Extractor, Drone  
  15  0:35  Hatchery  
  15  0:39  Extractor, Drone  
  15  0:45  Overlord  
  15  1:00  Spawning Pool  
  15  1:03  Drone  
  15  1:07  Drone  
  15  1:10  Drone  
  17  1:15  Drone  
  17  1:18  Extractor  
  17  1:26  Drone  
  18  1:37  Drone  
  19  1:47  Queen x2  
  19  1:49  Drone  
  19  1:52  Drone  
  25  1:59  Drone x2  
  27  2:08  Drone  
  27  2:09  Overlord  
  28  2:23  Lair  
  28  2:27  Queen  
  28  2:29  Drone  
  31  2:30  Drone  
  31  2:36  Overlord  
  32  2:40  Drone  
  32  2:43  Drone x2  
  35  2:54  Drone x5  
  40  3:00  Roach Warren  
  40  3:05  Pneumatized Carapace  
  39  3:10  Drone  
  39  3:11  Overlord  
  40  3:15  Drone x2  
  42  3:20  Overseer  
  42  3:25  Drone  
  42  3:26  Drone  
  44  3:28  Extractor  
  44  3:29  Drone x2  
  45  3:35  Extractor  
  45  3:36  Overlord  
  45  3:41  Drone x4  
  48  3:48  Overseer  
  48  3:53  Hatchery  
  48  3:55  Extractor, Drone x2  
  48  3:58  Drone x3  
  48  4:00  Overlord  
  51  4:04  Drone  
  51  4:08  Overlord  
  52  4:13  Glial Reconstitution  
  52  4:14  Evolution Chamber  
  52  4:16  Drone x4  
  55  4:25  Overlord  
  55  4:30  Roach x4  
  63  4:33  Roach  
  63  4:35  Roach  
  67  4:39  Overlord  
  67  4:44  Drone x3  
  70  4:47  Infestation Pit  
  70  4:50  Zerg Ground Armor Level 1  
  69  4:56  Evolution Chamber  
  69  4:58  Drone x2  
  70  5:03  Drone  
  71  5:07  Drone x6  
  71  5:10  Drone x2  
  71  5:14  Metabolic Boost  
  79  5:16  Overlord  
  79  5:23  Infestor x2  
  79  5:27  Overlord  
  83  5:33  Ravager  
  84  5:36  Overseer  
  84  5:39  Overlord  
  84  5:41  Extractor x2, Zerg Melee Weapons Level 1  
  82  5:43  Drone x4  
  82  5:47  Drone x4  
  90  5:50  Overlord, Infestor, Hatchery  
  91  6:00  Zergling x12  
  97  6:08  Infestor  
  99  6:13  Roach x5  
  99  6:15  Overlord x2  
  109  6:19  Zergling x8  
  109  6:23  Overseer  
  113  6:27  Zergling x6  
  113  6:29  Hive  
  113  6:31  Ravager  
  117  6:33  Zergling x2  
  117  6:37  Overlord  
  117  6:39  Zergling x2  
  119  6:41  Ravager  
  119  6:45  Zergling x4  
  117  6:59  Zergling x18  
  124  7:01  Queen  
  124  7:04  Overlord  
  124  7:07  Burrow  
  126  7:09  Queen  
  126  7:12  Drone  
  126  7:14  Spore Crawler  
  127  7:16  Ravager  
  127  7:17  Zergling x8  
  127  7:21  Zergling x2  
  127  7:22  Zergling x2  
  134  7:31  Zergling x6  
  134  7:35  Overlord  
  134  7:43  Zergling x14  
  131  7:49  Spore Crawler, Adrenal Glands  
  127  7:58  Zergling x12  
  128  8:04  Ultralisk Cavern  
  126  8:05  Drone x3  
  126  8:06  Drone x6  
  126  8:10  Zerg Melee Weapons Level 2  
  132  8:13  Zergling x2  
  132  8:14  Zergling x6  
  135  8:25  Zergling x8  
  139  8:29  Overlord  
  139  8:33  Zergling x20  
  147  8:36  Overlord  
  147  8:38  Evolution Chamber  
  146  8:44  Spore Crawler  
  146  8:46  Queen  
  147  8:51  Chitinous Plating  
  147  8:53  Ultralisk x3  
  165  8:59  Ultralisk  
  171  9:03  Zergling x12  
  160  9:10  Zergling x2  
  160  9:11  Zergling x8  
  160  9:16  Ultralisk  
  168  9:17  Zergling x8  
  168  9:19  Zergling x4  
  173  9:30  Zergling x20  
  172  9:35  Zergling x4  
  162  9:43  Zergling x6  
  162  9:44  Zergling x6  
  143  9:55  Infestor x2  
  143  9:56  Overseer  
  143  9:58  Zergling x10  
  149  10:02  Overlord  
  144  10:14  Hatchery, Zergling x12  
Tags
 
Add a new tag
Caveats
  • Supply blocks, unpowered buildings, or Contaminate may cause inaccurate times.
  • Supply counts are checked every 10 seconds.